 Dungeon Crawl Stone Soup version 0.17-a0-777-g32247ce (console) character file.

168 lauthentik the Shield-Bearer (level 5, -1/49 HPs)
             Began as a Deep Dwarf Fighter on Apr 25, 2015.
             Slain by Sigmund
             ... wielding a +1 vampiric scythe
              (8 damage)
             ... on level 3 of the Dungeon.
             The game lasted 00:11:29 (1423 turns).

lauthentik the Shield-Bearer (Deep Dwarf Fighter)   Turns: 1423, Time: 00:11:29

Health: -1/49      AC: 10    Str: 19    XL:     5   Next: 24%
Magic:  14/14      EV:  5    Int:  9    God:
Gold:   118        SH:  9    Dex: 13    Spells: 0 memorised, 4 levels left

rFire  . . .     SeeInvis .     s - +2 dagger (vamp)
rCold  . . .     Clarity  .     x - +0 chain mail
rNeg   . . .     SustAb   .     c - +0 shield
rPois  .         Gourm    .     t - +0 helmet
rElec  .         Spirit   .     (no cloak)
rCorr  .         Warding  .     (no gloves)
rMut   .         Stasis   .     (no boots)
MR     .....                    (no amulet)
Stlth  ..........               n - ring of magical power
                                p - ring of teleport control

@: non-regenerating, not resistant to hostile enchantments, extremely unstealthy
A: damage resistance, recharge devices, sense surroundings 1, slow healing 3
a: Device Recharging, Evoke Teleport Control


You were on level 3 of the Dungeon.
You were not hungry.

You visited 1 branch of the dungeon, and saw 3 of its levels.

You collected 118 gold pieces.

Inventory:

Hand weapons
 a - a +0 war axe
 o - a +5 dagger
 r - a +0 dagger of protection
 s - a +2 vampiric dagger (weapon)
Armour
 c - a +0 shield (worn)
 t - a +0 helmet (worn)
 x - a +0 chain mail (worn)
Jewellery
 b - an uncursed ring of poison resistance
 n - a ring of magical power (right hand)
 p - a ring of teleport control (left hand)
 u - an uncursed ring of magical power
Magical devices
 e - a wand of heal wounds (4)
Scrolls
 g - a scroll of enchant weapon {unknown}
 i - 2 scrolls of teleportation {unknown}
 m - 4 scrolls of identify {unknown}
Potions
 d - 2 potions of might
 h - 2 potions of restore abilities {unknown}
 j - 2 potions of curing {unknown}
 k - a potion of agility {unknown}
 q - a potion of mutation {unknown}
Comestibles
 f - 2 bread rations
 l - a fruit
 v - a meat ration


   Skills:
 + Level 3.5 Fighting
 + Level 0.6 Short Blades
 - Level 2.5 Axes
 + Level 4.4 Armour
 + Level 1.0 Dodging
 + Level 4.5 Shields


You had 4 spell levels left.
You didn't know any spells.

Dungeon Overview and Level Annotations

Branches:
Dungeon (3/15)

Altars:

Annotations:
D:3 Sigmund


Innate Abilities, Weirdness & Mutations

You are resistant to damage.
You can recharge devices by infusing magical energy.
You passively map a small area around you.
You do not heal naturally.


Message History

You hit something.
You hear some strange, mumbled words.
Something tries to affect you, but you resist.
Something hits you but does no damage.
A magic dart appears from out of thin air!
The magic dart hits you! Something hits you.
You feel less confused.
You hit something. Something hits you but does no damage.
You barely miss something. Something hits you.
Your chain mail prevents you from hitting something.
You hit something.
You feel better. Something hits you but does no damage.
You hit something.
You feel better. Something hits you!
You miss something. You hit something. Something hits you but does no damage.
Your shield and chain mail prevent you from hitting something.
Something hits you!
* * * LOW HITPOINT WARNING * * *
You hit something. Something hits you!
You die...

#.......+ ,+.......# *
#..†...(# *#.......# ,
#.......####.).....#+# *
+ #......................
>
#......................#
*,,
#.......#####......%...+
,
#.......#####..........#
,
#....[.....##......?...#
#......(...##)†.@......#
#..............{.......''
#............##.........
,
#............##.........
#............##.........
, #............##########
, * ............#
,...........# *######...#
*


There were no monsters in sight!

Vanquished Creatures
  Ijyb (D:2)
  Terence (D:3)
  Robin (D:2)
  4 adders
  An ooze (D:1)
  A worm (D:2)
  4 orcs
  A ball python (D:3)
  2 bats
  2 giant cockroaches
  9 hobgoblins
  6 kobolds
  A quokka (D:2)
  A giant gecko (D:1)
  A giant newt (D:1)
  23 goblins
  2 rats (D:1)
61 creatures vanquished.

Notes
Turn   | Place    | Note
--------------------------------------------------------------
     0 | D:1      | lauthentik, the Deep Dwarf Fighter, began the quest for the Orb.
     0 | D:1      | Reached XP level 1. HP: 20/20 MP: 1/1
   349 | D:1      | Reached XP level 2. HP: 16/27 MP: 2/2
   589 | D:2      | Noticed Robin
   628 | D:2      | Reached XP level 3. HP: 20/34 MP: 3/3
   633 | D:2      | Killed Robin
   729 | D:2      | Reached skill level 4 in Armour
   867 | D:2      | Noticed Ijyb
   902 | D:2      | Killed Ijyb
   902 | D:2      | Reached XP level 4. HP: 42/42 MP: 4/4
  1352 | D:3      | Noticed Sigmund
  1367 | D:3      | Reached skill level 1 in Dodging
  1367 | D:3      | Reached XP level 5. HP: 49/49 MP: 5/5
  1368 | D:3      | Noticed Terence
  1406 | D:3      | Killed Terence
  1423 | D:3      | Slain by Sigmund

Action                   |  1- 3 |  4- 6 || total
-------------------------+-------+-------++-------
Melee: War axe           |    65 |       ||    65
       Dagger            |    67 |   160 ||   227
Evoke: Wand              |     1 |       ||     1
  Eat: Fruit             |     4 |       ||     4
       Chunk             |     1 |     2 ||     3
